 Dungeon Crawl Stone Soup version 0.21.1-1-g345015fe64 (webtiles) character file.

85229 Delanovic the Unseen (level 15, -14/79 HPs)
             Began as a Spriggan Enchanter on Apr 22, 2018.
             Was an Initiate of Gozag.
             Killed from afar by Frances (45 damage)
             ... with a shard of ice
             ... on level 4 of the Lair of Beasts on Apr 23, 2018.
             The game lasted 02:28:14 (36582 turns).

Delanovic the Unseen (Spriggan Enchanter)          Turns: 36582, Time: 02:28:15

Health: -14/79     AC:  6    Str:  6    XL:     15   Next: 37%
Magic:  3/30       EV: 33    Int: 20    God:    Gozag
Gold:   3629       SH:  0    Dex: 17    Spells: 6/35 levels left

rFire    . . .     SeeInvis +   P - +7 rapier of Koast {holy, rElec rPois Dex-3}
rCold    . . .     Gourm    .   (shield restricted)
rNeg     + . .     Faith    .   r - +2 robe {rN+}
rPois    +         Spirit   .   a - +2 hat
rElec    +         Reflect  .   (no cloak)
rCorr    .         Harm     +   (gloves unavailable)
MR       ++...                  (boots unavailable)
Stlth    +++++++...             L - amulet of harm
HPRegen  0.23/turn              v - +2 ring of evasion
MPRegen  0.22/turn              B - ring of wizardry

@: about to teleport, very slightly contaminated, hasted, studying Spellcasting,
invisible, very quick
A: very small, unfitting armour, see invisible, herbivore, speed 3, electricity
resistance, slow metabolism 2, strong 1
a: Potion Petition, Call Merchant, Bribe Branch, Renounce Religion


You were on level 4 of the Lair of Beasts.
You worshipped Gozag.
Gozag was most pleased with you.
You were not hungry.

You visited 5 branches of the dungeon, and saw 24 of its levels.
You also visited: Ice Cave.

You collected 8209 gold pieces.
You spent 4097 gold pieces at shops.
You paid 483 gold pieces to Gozag.

Inventory:

Hand Weapons
 b - a +3 shortbow
 j - a +0 antimagic dagger
 P - the +7 rapier of Koast (weapon) {holy, rElec rPois Dex-3}
   (You bought it in a shop on level 10 of the Dungeon)

   It has been blessed by the Shining One to cause great damage to the undead
   and demons.
   It affects your dexterity (-3).
   It insulates you from electricity.
   It protects you from poison.
Missiles
 f - 11 throwing nets (quivered)
 R - 425 arrows
Armour
 a - a +2 hat (worn)
 p - a +2 buckler of cold resistance
 r - a +2 robe of positive energy (worn)
 F - a +2 robe of cold resistance
Jewellery
 s - an uncursed ring of positive energy
 v - a +2 ring of evasion (left hand)
 B - a ring of wizardry (right hand)
 G - an uncursed ring of poison resistance
 L - an amulet of harm (around neck)
Wands
 o - a wand of enslavement (10)
 x - a wand of flame (167)
 y - a wand of iceblast (69)
 O - a wand of disintegration (34)
Scrolls
 l - 2 scrolls of teleportation
 q - 7 scrolls of remove curse
 t - 4 scrolls of magic mapping
 z - 10 scrolls of enchant weapon
 A - 2 scrolls of summoning
 E - 2 scrolls of amnesia
 J - a scroll of brand weapon
 K - a scroll of silence
 N - 2 scrolls of torment
 U - 2 scrolls of enchant armour
 X - 4 scrolls of identify
 Z - 2 scrolls of holy word
Potions
 g - 4 potions of flight
 h - 2 potions of lignification
 i - 2 potions of agility
 k - 2 potions of haste
 n - 2 potions of brilliance
 u - 3 potions of degeneration
 w - a potion of heal wounds
 C - 2 potions of might
 D - 7 potions of curing
 H - a potion of resistance
 V - 2 potions of berserk rage
Books
 c - a book of Maledictions

   Spells                             Type                      Level
   a - Corona                         Hexes                        1
   b - Ensorcelled Hibernation        Hexes/Ice                    2
   c - Confuse                        Hexes                        3
   d - Tukima's Dance                 Hexes                        3
   e - Dazzling Spray                 Conjuration/Hexes            3
 e - a book of Debilitation

   Spells                             Type                      Level
   a - Corona                         Hexes                        1
   b - Slow                           Hexes                        2
   c - Inner Flame                    Hexes/Fire                   3
   d - Portal Projectile              Hexes/Translocation          3
   e - Cause Fear                     Hexes                        4
   f - Leda's Liquefaction            Hexes/Earth                  4
 m - a book of Frost

   Spells                             Type                      Level
   a - Freeze                         Ice                          1
   b - Throw Frost                    Conjuration/Ice              2
   c - Ozocubu's Armour               Charms/Ice                   3
   d - Throw Icicle                   Conjuration/Ice              4
   e - Summon Ice Beast               Ice/Summoning                4
 I - a book of Enchantments

   Spells                             Type                      Level
   a - Cause Fear                     Hexes                        4
   b - Yara's Violent Unravelling     Hexes/Transmutation          5
   c - Silence                        Hexes/Air                    5
   d - Deflect Missiles               Charms/Air                   6
   e - Discord                        Hexes                        8
 M - a manual of Spellcasting
 Q - a book of Burglary

   Spells                             Type                      Level
   a - Swiftness                      Charms/Air                   2
   b - Passwall                       Transmutation/Earth          2
   c - Passage of Golubria            Translocation                4
   d - Lee's Rapid Deconstruction     Earth                        5
   e - Darkness                       Hexes                        6
   f - Invisibility                   Hexes                        6
Miscellaneous
 S - a box of beasts
Comestibles
 d - 28 rations


   Skills:
 + Level 9.0 Fighting
 - Level 9.0 Short Blades
 + Level 8.2 Armour
 + Level 14.8 Dodging
 + Level 18.1 Stealth
 - Level 10.5 Spellcasting
 + Level 14.5 Hexes
 - Level 2.6 Ice Magic


You had 6 spell levels left.
You knew the following spells:

 Your Spells              Type           Power        Failure   Level  Hunger
a - Corona                Hex            ######.      0%          1    None
b - Ensorcelled Hibernat  Hex/Ice        #####.       1%          2    None
c - Confuse               Hex            ######..     1%          3    None
d - Tukima's Dance        Hex            ######..     1%          3    None
e - Dazzling Spray        Conj/Hex       #####.       1%          3    None
f - Cause Fear            Hex            ######....   1%          4    ##.....
g - Silence               Hex/Air        #####.....   3%          5    ####...
h - Slow                  Hex            ######..     1%          2    None
i - Invisibility          Hex            ######..     1%          6    ######.


Dungeon Overview and Level Annotations

Branches:
Dungeon (15/15)            Temple (1/1) D:4            Lair (6/6) D:8
 Shoals (1/4) Lair:2       Spider (1/4) Lair:4        Slime (0/5) Lair:6
    Orc (0/2) D:9          Vaults (0/5) D:14         Depths (0/5) D:15

Altars:
Ashenzari
Cheibriados
Dithmenos
Elyvilon
Fedhas
Gozag
Hepliaklqana
Kikubaaqudgha
Makhleb
Nemelex Xobeh
Okawaru
Qazlal
Ru
Sif Muna
Trog
Uskayaw
Vehumet
Wu Jian
Xom
Yredelemnul
Zin
The Shining One

Shops:
D:4 (   D:6 ?   D:10 %?(   D:11 ?   Lair:4 :

Annotations:
Lair:4 1 runed door, Frances


Innate Abilities, Weirdness & Mutations

You are very small and have problems with some larger weapons.
You are too small for most types of armour.
You have supernaturally acute eyesight. (SInv)
You are a herbivore.
You cover ground extremely quickly.
You need consume almost no food.
You are resistant to electric shocks. (rElec)
Your muscles are strong. (Str +2)


Message History

Casting: Tukima's Dance
Confirm with . or Enter, or press ? or * to list all spells.
Aiming: Confuse
Press: ? - help, Shift-Dir - straight line, f/p - Frances
Aim: Frances, wielding a long sword and wearing a glowing leather armour (fast, chance to defeat MR: 14%) Frances resists with almost no effort.
Frances closely misses you.
You are caught in the web!
There is a web here.
You disentangle yourself.
Frances closely misses you. Frances hits you with a long sword!
Frances chants phrases taken from a devil's mouth.
The iron shot hits you!
You feel yourself speed up.
As you read the scroll of teleportation, it crumbles to dust.
You feel strangely unstable.
Frances screams a word of power!
The shard of ice hits you!
Ouch! That really hurt!
You die...
Your body crumbles into a pile of gold.

.#######.#......##...##......#...
..#.....##.......#..........##...
..............(..................
.##<....P......##...........##...
.#####.+.......##............#...
.P.#[.#.##......##...#...........
....[...........###P...#.........
...............#.##..#.#.........
............@...@................
............#^^..................
...........#..#..#<..............
..#####...###.#.#................
.#######^..#..^#.^#...#.....#.#.#
.##..####.#.#$.#.....##....##.##.
.###....#..^.>.##.#..#...........
...+...#..#^.^.##.#.........#....
...#...#.##.#^##.^.........#.....


You could see Frances.

Vanquished Creatures
  Gastronok (Lair:3)
  An emperor scorpion (Spider:1)
  Azrael (D:12)
  A fire dragon (Lair:6)
  2 ice dragons (D:15)
  Harold (Lair:2)
  A vault guard (D:14)
  10 hydras
  Erica (D:11)
  A death knight (D:14)
  3 two-headed ogres
  4 centaur warriors
  5 skeletal warriors
  2 unseen horrors
  Pikel (D:5)
  A lindwurm (Lair:6)
  A necromancer (IceCv)
  An oklob plant (Lair:6)
  An orb spider (shapeshifter) (D:14)
  A deep elf mage (D:12)
  8 ugly things
  A cyclops (D:9)
  2 manticores (D:14)
  4 centaur zombies
  A merfolk siren (Lair:2)
  2 wolf spiders (Lair:4)
  3 black mambas
  Maurice (D:11)
  2 molten gargoyles (Lair:6)
  An ice statue (IceCv)
  5 spiny frogs
  A gargoyle (D:13)
  4 torpor snails (Lair:3)
  A rime drake (Lair:6)
  13 komodo dragons
  3 efreet
  11 freezing wraiths
  2 ice devils (Lair:4)
  2 meliai (D:14)
  2 merfolk
  11 trolls
  2 polar bears
  A wolf spider simulacrum (IceCv)
  Grinder (D:6)
  4 jumping spiders (Spider:1)
  4 slime creatures (D:12)
  A harpy skeleton (D:14)
  A hornet (Lair:4)
  4 hippogriffs
  9 blink frogs
  19 dream sheep
  Prince Ribbit (D:6)
  A meliai zombie (D:14)
  11 redbacks
  2 shadows
  Sigmund (D:5)
  3 tarantellas (Spider:1)
  49 yaks
  A vampire (D:14)
  2 wyverns
  3 wraiths
  Eustachio (D:4)
  2 fire elementals (D:12)
  5 hungry ghosts
  7 basilisks
  2 steam dragons (Lair:6)
  8 vampire mosquitoes (D:12)
  Menkaure (D:6)
  Grum (D:11)
  2 death yak simulacra (IceCv)
  12 water moccasins
  2 acid dragons (D:11)
  9 porcupines
  A hornet zombie (D:15)
  7 orc warriors
  7 hell hounds
  A slave (D:5)
  A black bear (D:9)
  An eye of draining (D:13)
  12 ice beasts
  A sky beast (D:11)
  9 ogres
  3 phantoms
  2 wolves (D:11)
  A necrophage (D:12)
  16 centaurs
  13 crocodiles
  4 big kobolds
  Blork the orc (D:5)
  19 bullfrogs
  2 gnoll sergeants
  4 wyvern skeletons
  4 scorpions
  6 killer bees (D:9)
  A troll zombie (D:9)
  9 wights
  An electric eel (D:11)
  6 howler monkeys
  5 lava snakes (Lair:6)
  4 centaur skeletons
  8 hounds
  A quasit (D:13)
  5 crimson imps
  2 draconian simulacra (IceCv)
  2 bullfrog skeletons
  6 jellies
  5 gnoll shamans (D:3)
  9 orc priests
  Terence (D:2)
  5 iguanas
  11 orc wizards
  2 spriggan simulacra (IceCv)
  16 worker ants
  6 troll simulacra (IceCv)
  A killer bee zombie (D:7)
  A wolf simulacrum (IceCv)
  4 centaur simulacra (IceCv)
  5 ogre zombies (D:9)
  A hound zombie (D:11)
  2 hound skeletons
  A howler monkey zombie (D:9)
  2 worker ant zombies
  36 gnolls
  16 adders
  5 naga simulacra (IceCv)
  An ogre simulacrum (IceCv)
  4 shadow imps
  12 white imps (IceCv)
  4 oozes
  2 adder skeletons (D:10)
  A worm (D:2)
  7 leopard geckos
  31 orcs
  6 giant cockroaches
  6 goblins
  7 hobgoblins
  23 jackals
  4 quokkas
  5 bats
  7 frilled lizards
  2 goblin skeletons (D:9)
  A hobgoblin skeleton (D:9)
  A hobgoblin zombie (D:9)
  23 kobolds
  2 orc skeletons (D:9)
  12 orc zombies (D:9)
  A quokka zombie (D:8)
  A rat (D:1)
749 creatures vanquished.

Vanquished Creatures (collateral kills)
  An iguana (D:8)
1 creature vanquished.

Vanquished Creatures (others)
  A meliai (D:14)
  A wyvern (D:9)
  A yak (D:14)
  A steam dragon (D:9)
  A slave (D:5)
  A centaur (D:13)
  A bullfrog (D:9)
  A bullfrog skeleton (D:9)
  Ijyb (D:5)
  An iguana (D:9)
  2 adders (D:9)
  An orc (D:9)
  25 bushes (D:14)
  7 fungi
  8 plants
53 creatures vanquished.

Grand Total: 803 creatures vanquished

Notes
Turn   | Place    | Note
-------+----------+-------------------------------------------
     0 | D:1      | Delanovic the Spriggan Enchanter began the quest for the Orb.
     0 | D:1      | Reached XP level 1. HP: 9/9 MP: 5/5
   407 | D:1      | You fall through a shaft!
   498 | D:2      | Noticed Terence
   507 | D:2      | Killed Terence
   507 | D:2      | Reached skill level 5 in Stealth
   507 | D:2      | Reached XP level 2. HP: 4/13 MP: 5/7
   507 | D:2      | Reached XP level 3. HP: 5/16 MP: 5/8
   713 | D:2      | Learned a level 2 spell: Ensorcelled Hibernation
   744 | D:2      | Learned a level 3 spell: Confuse
  2273 | D:3      | Reached XP level 4. HP: 21/21 MP: 5/10
  2413 | D:3      | Noticed an ogre
  2423 | D:3      | Killed an ogre
  2423 | D:3      | Reached skill level 6 in Stealth
  2423 | D:3      | Reached skill level 5 in Hexes
  2423 | D:3      | Reached XP level 5. HP: 24/24 MP: 9/12
  2554 | D:3      | Learned a level 3 spell: Tukima's Dance
  3045 | D:3      | Reached skill level 7 in Stealth
  3085 | D:3      | Reached XP level 6. HP: 28/28 MP: 14/14
  3163 | D:3      | Reached skill level 5 in Spellcasting
  4152 | D:4      | Found Cyluozeh's Weapon Boutique.
  4372 | D:4      | Found a staircase to the Ecumenical Temple.
  4382 | Temple   | Entered the Ecumenical Temple
  4421 | Temple   | Became a worshipper of Gozag Ym Sagoz the Greedy
  5143 | D:4      | Reached skill level 8 in Stealth
  5143 | D:4      | Reached XP level 7. HP: 32/32 MP: 12/16
  5208 | D:4      | Noticed Eustachio
  5236 | D:4      | Killed Eustachio
  5898 | D:3      | Reached skill level 9 in Stealth
  6173 | D:3      | Reached XP level 8. HP: 27/36 MP: 10/19
  6319 | D:3      | Learned a level 3 spell: Dazzling Spray
  6679 | D:4      | Bought a +5 dagger of speed for 462 gold pieces
  6722 | D:5      | Entered Level 5 of the Dungeon
  6980 | D:5      | Noticed Sigmund
  6983 | D:5      | Killed Sigmund
  6983 | D:5      | Reached skill level 10 in Stealth
  6995 | D:5      | You fall through a shaft!
  6995 | D:6      | Found Wehab's Magic Scroll Boutique.
  7023 | D:6      | Bought a scroll of magic mapping for 49 gold pieces
  7287 | D:6      | Noticed Prince Ribbit
  7327 | D:6      | Noticed Menkaure
  7333 | D:6      | Killed Menkaure
  7347 | D:6      | Noticed Grinder
  7377 | D:6      | Killed Grinder
  7554 | D:6      | Reached XP level 9. HP: 37/39 MP: 18/22
  7659 | D:6      | Killed Prince Ribbit
  7688 | D:6      | Reached skill level 11 in Stealth
  8116 | D:5      | Noticed Pikel
  8120 | D:5      | Noticed Blork the orc
  8163 | D:5      | Killed Pikel
  8163 | D:5      | Reached skill level 1 in Fighting
  8163 | D:5      | Reached skill level 1 in Armour
  8172 | D:5      | Noticed Ijyb
  8178 | D:5      | Killed Blork the orc
  8191 | D:5      | Killed Ijyb
  8548 | D:6      | Bought a scroll of remove curse for 42 gold pieces
  8552 | D:6      | Bought a scroll of identify for 28 gold pieces
  8558 | D:6      | Gained mutation: You are partially covered in icy blue scales. (AC +2) [potion of mutation]
  8558 | D:6      | Gained mutation: You tend to lose your temper in combat. [potion of mutation]
  8558 | D:6      | Gained mutation: You are somewhat resistant to further mutation. [potion of mutation]
  9064 | D:7      | Reached skill level 5 in Dodging
  9206 | D:7      | Reached skill level 5 in Short Blades
  9264 | D:7      | Found a glowing silver altar of Zin.
 10152 | D:8      | Reached XP level 10. HP: 46/46 MP: 8/24
 10379 | D:8      | Reached skill level 12 in Stealth
 10506 | D:8      | Found a staircase to the Lair.
 10666 | D:8      | Found a basalt altar of Yredelemnul.
 10811 | D:8      | Found a hide-covered altar of Uskayaw.
 10812 | D:8      | Found a hazy altar of Hepliaklqana.
 10812 | D:8      | Found a glowing golden altar of the Shining One.
 10812 | D:8      | Found a radiant altar of Vehumet.
 10812 | D:8      | Found an ornate altar of the Wu Jian Council.
 10814 | D:8      | Found a shimmering altar of Xom.
 10816 | D:8      | Found a snail-covered altar of Cheibriados.
 10817 | D:8      | Found a shadowy altar of Dithmenos.
 11198 | D:9      | Found a bloodstained altar of Trog.
 11527 | D:9      | Noticed a cyclops
 12713 | D:9      | Found a blossoming altar of Fedhas.
 12714 | D:9      | Found an ancient bone altar of Kikubaaqudgha.
 12721 | D:9      | Reached skill level 10 in Hexes
 13090 | D:9      | Found a staircase to the Orcish Mines.
 13125 | D:9      | Killed a cyclops
 13728 | D:9      | Reached XP level 11. HP: 52/52 MP: 25/25
 13911 | D:9      | Found a shimmering altar of Xom.
 14097 | D:10     | Entered Level 10 of the Dungeon
 14117 | D:10     | Found Wan Uvvo's Antique Weapon Shop.
 14248 | D:10     | Noticed a two-headed ogre
 14255 | D:10     | Killed a two-headed ogre
 14265 | D:10     | Reached skill level 13 in Stealth
 14376 | D:10     | Found a glowing silver altar of Zin.
 14409 | D:10     | Noticed a centaur warrior
 14430 | D:10     | Killed a centaur warrior
 14648 | D:10     | Noticed a two-headed ogre
 14660 | D:10     | Killed a two-headed ogre
 15094 | D:10     | Found Ollellat's Magic Scroll Boutique.
 15102 | D:10     | Bought a scroll of enchant weapon for 120 gold pieces
 15108 | D:10     | Bought a scroll of identify for 32 gold pieces
 15108 | D:10     | Bought a scroll of identify for 32 gold pieces
 15126 | D:10     | Found Buenejae's Weapon Shoppe.
 15214 | D:10     | Found Riunomix's Food Boutique.
 15217 | D:10     | Bought a ration for 55 gold pieces
 15217 | D:10     | Bought a ration for 55 gold pieces
 15222 | D:10     | Bought a scroll of enchant weapon for 120 gold pieces
 15644 | D:11     | Noticed Grum
 15653 | D:11     | Killed Grum
 15842 | D:11     | Noticed Erica
 15844 | D:11     | Killed Erica
 15921 | D:11     | Noticed Maurice
 15927 | D:11     | Killed Maurice
 16106 | D:11     | Reached skill level 5 in Fighting
 16108 | D:11     | Noticed a cyan ugly thing
 16111 | D:11     | Noticed a two-headed ogre
 16172 | D:11     | Killed a cyan ugly thing
 16304 | D:11     | Killed a two-headed ogre
 16304 | D:11     | Reached XP level 12. HP: 60/60 MP: 16/26
 16389 | D:11     | Reached skill level 14 in Stealth
 17048 | D:11     | Found Oroy's Magic Scroll Shop.
 17069 | D:11     | Bought a scroll of enchant weapon for 97 gold pieces
 17069 | D:11     | Bought a scroll of identify for 26 gold pieces
 17460 | D:12     | Noticed a four-headed hydra
 17529 | D:12     | Reached skill level 10 in Dodging
 17603 | D:12     | Killed a four-headed hydra
 17853 | D:12     | Reached skill level 5 in Armour
 18624 | D:12     | Noticed Azrael
 18703 | D:12     | Killed Azrael
 19301 | D:13     | Noticed a seven-headed hydra
 19313 | D:13     | Killed a seven-headed hydra
 19325 | D:13     | Noticed a four-headed hydra
 19334 | D:13     | Killed a four-headed hydra
 19334 | D:13     | Reached skill level 15 in Stealth
 19882 | D:13     | Noticed a centaur warrior
 19896 | D:13     | Killed a centaur warrior
 19896 | D:13     | Reached XP level 13. HP: 40/65 MP: 3/27
 20845 | D:14     | Found a gate to the Vaults.
 22452 | D:14     | Reached skill level 16 in Stealth
 22615 | D:14     | Lost mutation: You are partially covered in icy blue scales. (AC +2) [potion of mutation]
 22615 | D:14     | Lost mutation: You tend to lose your temper in combat. [potion of mutation]
 22615 | D:14     | Lost mutation: You are somewhat resistant to further mutation. [potion of mutation]
 22615 | D:14     | Gained mutation: You are frail. (-10% HP) [potion of mutation]
 22615 | D:14     | Gained mutation: You have large cloven feet. [potion of mutation]
 22772 | D:14     | Learned a level 4 spell: Cause Fear
 22778 | D:14     | Learned a level 5 spell: Silence
 22913 | D:15     | Entered Level 15 of the Dungeon
 24119 | D:15     | Found a staircase to the Depths.
 24612 | D:10     | Bought an iridescent rapier for 198 gold pieces
 24613 | D:10     | Identified the +7 rapier of Koast {holy, rElec rPois Dex-3} (You bought it in a shop on level 10 of the Dungeon)
 24865 | Lair:1   | Entered Level 1 of the Lair of Beasts
 25354 | Lair:1   | Lost mutation: You are frail. (-10% HP) [potion of mutation]
 25354 | Lair:1   | Lost mutation: You have large cloven feet. [potion of mutation]
 25354 | Lair:1   | Gained mutation: Your muscles are strong. (Str +2) [potion of mutation]
 25354 | Lair:1   | Gained mutation: You are resistant to electric shocks. (rElec) [potion of mutation]
 25507 | Lair:1   | Reached XP level 14. HP: 72/72 MP: 28/28
 25798 | Lair:2   | Noticed Harold
 25805 | Lair:2   | Killed Harold
 26567 | Lair:2   | Found a staircase to the Shoals.
 27052 | Shoals:1 | Entered Level 1 of the Shoals
 27354 | Lair:3   | Noticed Gastronok
 27380 | Lair:3   | Killed Gastronok
 27750 | Lair:3   | Reached skill level 17 in Stealth
 28004 | Lair:3   | Found a snail-covered altar of Cheibriados.
 28592 | Lair:4   | Found a runed door.
 28661 | Lair:4   | Found a frozen archway.
 28685 | IceCv    | Entered an ice cave
 30015 | IceCv    | Found an ancient bone altar of Kikubaaqudgha.
 30680 | Lair:4   | Reached skill level 1 in Ice Magic
 30740 | Lair:4   | Found a hole to the Spider Nest.
 30825 | Lair:4   | Reached skill level 10 in Spellcasting
 32196 | Lair:6   | Entered Level 6 of the Lair of Beasts
 32556 | Lair:6   | Found a staircase to the Slime Pits.
 33356 | Lair:6   | Reached XP level 15. HP: 74/78 MP: 23/30
 33366 | Lair:6   | Learned a level 2 spell: Slow
 34593 | Lair:6   | Found a large runed door.
 34593 | Lair:6   | Found a large runed door.
 35431 | Lair:4   | Bought a manual of Spellcasting for 1656 gold pieces
 35431 | Lair:4   | Bought a book of Burglary for 1125 gold pieces
 35438 | Lair:4   | Learned a level 6 spell: Invisibility
 35456 | Spider:1 | Entered Level 1 of the Spider Nest
 35465 | Spider:1 | Noticed Frances
 35477 | Spider:1 | Reached skill level 18 in Stealth
 36582 | Lair:4   | Killed from afar by Frances

Skill      XL: |  1  2  3  4  5  6  7  8  9 10 11 12 13 14 15 |
---------------+----------------------------------------------+-----
Stealth        | 5 6 7 8 9 10 11 12 13 15 16 17 18 | 18.1
Spellcasting   | 3 4 5 6 8 9 10 | 10.5
Hexes          | 4 5 6 7 8 9 10 11 12 13 14 | 14.5
Short Blades   | 3 5 6 7 9 |  9.0
Fighting       | 2 3 5 6 7 8 9 |  9.0
Armour         | 2 3 4 5 6 7 8 |  8.2
Dodging        | 5 7 9 11 13 14 | 14.8
Ice Magic      | 2 |  2.6

Action                   |  1- 3 |  4- 6 |  7- 9 | 10-12 | 13-15 || total
-------------------------+-------+-------+-------+-------+-------++-------
Melee: Dagger            |   103 |    93 |   227 |   419 |   221 ||  1063
       Rapier            |       |       |       |       |   508 ||   508
       Kick              |       |       |       |       |    16 ||    16
 Cast: Corona            |     4 |       |       |       |       ||     4
       Ensorcelled Hiber |    24 |    57 |    99 |   220 |   150 ||   550
       Confuse           |     1 |    10 |    32 |    95 |   237 ||   375
       Dazzling Spray    |       |       |     5 |    75 |   130 ||   210
       Tukima's Dance    |       |       |     2 |     3 |     8 ||    13
       Cause Fear        |       |       |       |       |     1 ||     1
       Invisibility      |       |       |       |       |     4 ||     4
       Slow              |       |       |       |       |     2 ||     2
Invok: Potion Petition   |       |       |       |     1 |       ||     1
       Call Merchant     |       |       |       |       |     1 ||     1
Evoke: Wand              |       |       |       |       |     2 ||     2
  Use: Scroll            |     4 |     1 |     9 |    13 |    13 ||    40
       Potion            |       |       |     5 |     5 |     9 ||    19
 Stab: Sleeping          |    20 |    40 |    75 |   134 |   122 ||   391
       Confused          |       |     5 |    21 |    57 |   118 ||   201
       Invisible         |       |       |     3 |     6 |    15 ||    24
       Distracted        |       |       |       |     2 |     6 ||     8
       Fleeing           |       |       |       |       |     1 ||     1
  Eat: Ration            |       |     3 |     2 |     5 |     9 ||    19
Armor: Robe              |     5 |     6 |     9 |    18 |    20 ||    58
       Skin              |       |       |    33 |       |       ||    33
Dodge: Dodged            |    82 |    60 |   102 |   259 |   515 ||  1018
